AoeStats
← Camionveloce__

Arabia

507346982Analyzed
4v4 RM · 16d ago on Sep 17, 2026· 37m 31s· 8 players
Game mode
Random Map
Map size
Large (8 player)
Population
200
Speed
Normal
Resources
Standard
Victory
Conquest
Starting age
Dark Age
Ending age
Imperial Age
RankedLock teamsTeams togetherTeam positionsShared explorationLock speedFull tech treeHidden civsTurbo modeCheats
Victory
Defeat
🇹🇷 Italians · Türkiye
978
+14
🇮🇹 Teutons · Italy
929
+16
🇫🇷 Magyars · France
919
+17
🇹🇷 Cumans · Türkiye
904
+17
🇱🇧 Slavs · Lebanon
1069
-22
🇱🇧 Franks · Lebanon
990
-18
🇩🇪 Turks · Germany
888
-14
🇫🇷 Portuguese · France
784
-10
Saryle
13:21 Feudal Age
13:44 Man-at-Arms
22:04 Castle Age
22:46 Pikeman
25:26 Scale Barding Armor
25:21 Scale Mail Armor
25:22 Padded Archer Armor
28:37 Double-Bit Axe
28:42 Loom
30:41 Town Watch
31:45 Corvinian Army
40:36 Imperial Age
Camionveloce__
10:41 Feudal Age
14:50 Loom
19:30 Castle Age
22:00 Scale Barding Armor
21:46 Fletching
23:54 Double-Bit Axe
26:00 Chain Barding Armor
34:54 Imperial Age
33:36 Forging
33:27 Scale Mail Armor
36:03 Horse Collar
36:14 Elite Teutonic Knight
Lesa
7:20 Loom
9:53 Feudal Age
10:20 Double-Bit Axe
15:14 Fletching
15:25 Padded Archer Armor
18:56 Forging
20:14 Scale Mail Armor
23:55 Castle Age
24:30 Scale Barding Armor
24:24 Man-at-Arms
24:45 Crossbowman
25:29 Bodkin Arrow
27:24 Bow Saw
28:26 Iron Casting
28:07 Leather Archer Armor
27:42 Arson
27:19 Long Swordsman
31:53 Horse Collar
36:25 Heavy Plow
36:17 Gold Mining
36:18 Stone Mining
39:41 Imperial Age
Eskiçeri
12:47 Feudal Age
14:54 Double-Bit Axe
19:28 Castle Age
18:11 Double-Bit Axe
21:06 Bloodlines
22:17 Horse Collar
28:36 Wheelbarrow
30:52 Hand Cart
35:36 Imperial Age
35:41 Cavalier
37:09 Scale Barding Armor
37:15 Forging
37:13 Gold Mining
37:26 Heavy Plow
37:39 Bow Saw
Micho
10:43 Loom
12:56 Feudal Age
15:20 Double-Bit Axe
22:23 Bloodlines
23:50 Forging
29:47 Castle Age
27:45 Horse Collar
30:03 Pikeman
34:30 Bow Saw
_marcus_
11:09 Feudal Age
12:46 Wheelbarrow
13:11 Horse Collar
13:20 Double-Bit Axe
20:01 Castle Age
18:04 Stone Mining
19:21 Gold Mining
19:39 Fletching
19:55 Padded Archer Armor
21:13 Heavy Plow
21:27 Bow Saw
31:33 Imperial Age
31:03 Murder Holes
31:41 Leather Archer Armor
31:21 Bodkin Arrow
32:40 Conscription
33:00 Elite Janissary
34:05 Ballistics
34:34 Hand Cart
zabreyski
11:34 Feudal Age
18:21 Castle Age
18:42 Crossbowman
Stivigi
11:54 Feudal Age
10:11 Loom
11:57 Feudal Age
14:16 Double-Bit Axe
18:49 Castle Age
24:58 Bow Saw
29:03 Pikeman
Connection lost

Rejoining the realm…

Still unreachable

The connection could not be restored.

Session expired

The server has moved on; the page needs a fresh start.